 Dungeon Crawl Stone Soup version 0.28.0-53-g5a82cb258f (webtiles) character file.

Game seed: 5870006340831935832

300 Zeld the Ruffian (level 6, 0/48 HPs)
             Began as a Draconian Transmuter on May 21, 2022.
             Splashed by a jelly's acid (11 damage)
             ... on level 4 of the Dungeon.
             The game lasted 00:03:11 (3361 turns).

Zeld the Ruffian (Draconian Transmuter)             Turns: 3361, Time: 00:03:12

Health: 0/48       AC: -6    Str: 15    XL:     6   Next: 13%
Magic:  7/10       EV: 19    Int: 13    God:
Gold:   219        SH:  0    Dex: 16    Spells: 5/11 levels left

rFire   . . .      SeeInvis .     - Unarmed
rCold   . . .      Faith    .   (shield currently unavailable)
rNeg    . . .      Spirit   .   (armour unavailable)
rPois   x          Reflect  .   (helmet currently unavailable)
rElec   .          Harm     .   (cloak currently unavailable)
rCorr   .          Rampage  .   (gloves currently unavailable)
Will    .....                   (boots currently unavailable)
Stlth   +.........              (no amulet)
HPRegen 0.16/turn               (no ring)
MPRegen 0.12/turn               (no ring)

@: spider-form, corroded
A: venomous fangs, AC +6, tiny, unfitting armour, (cold-blooded)
a: End Transformation


You were on level 4 of the Dungeon.
You were a venomous arachnid creature.
You visited 1 branch of the dungeon, and saw 4 of its levels.

You collected 219 gold pieces.

Inventory:

Armour
 b - a +1 pair of boots (melded)
Scrolls
 a - 2 scrolls of noise {unknown}
 c - 2 scrolls of enchant weapon {unknown}
 d - a scroll of identify {unknown}
 h - a scroll of immolation {unknown}
 i - 2 scrolls of teleportation {unknown}
 j - a scroll of fear {unknown}
Potions
 e - a potion of lignification {unknown}
 f - 2 potions of curing {unknown}
 g - a potion of heal wounds {unknown}


   Skills:
 + Level 2.2 Fighting
 + Level 2.3 Dodging
 * Level 4.1 Unarmed Combat
 * Level 3.1 Spellcasting
 * Level 3.3 Transmutations
 + Level 1.7 Ice Magic
 + Level 1.6 Poison Magic


You had 5 spell levels left.
You knew the following spells:

 Your Spells              Type           Power      Damage    Failure   Level
a - Beastly Appendage     Tmut           20%        N/A       17%         1
b - Wereblood             Tmut           10%        N/A       22%         2
c - Spider Form           Tmut/Pois      8%         N/A       45%         3

Your spell library contained the following spells:

 Spells                   Type           Power      Damage    Failure   Level
 Ice Form                 Ice/Tmut       8%         N/A       82%         4


Dungeon Overview and Level Annotations

Branches:
Dungeon (4/15)
 Temple: D:4-7

Altars:
Okawaru

Shops:
D:3 :


Innate Abilities, Weirdness & Mutations

You are a venomous arachnid creature.
You have poisonous fangs.
You are tiny and dextrous.
Your spellcasting is less reliable in this form.
Your armour is entirely melded.
You are incapable of wielding weapons or throwing items.
((Your plain brown scales are hard. (AC +6)))
You cannot fit into any form of body armour.
((You are cold-blooded and may be slowed by cold attacks.))


Message History

a +3 scythe; a +0 robe
j - a scroll labelled KIUWEB BOM A kobold comes into view.
It is wielding a +0 dagger.
Found 5 gold pieces.
A kobold is nearby!
A kobold is nearby!
A kobold is nearby!
Casting: Spider Form (dangerous; 24% risk of failure)
Confirm with . or Enter, or press ? or * to list all spells.
You grow a pair of large bovine horns.
Your feet morph into talons.
Your +1 pair of boots melds into your body.
You punch the kobold!
You kill the kobold!
Things that are here:
a +0 dagger; a stone No target in view!
No target in view!
A jelly comes into view.
Found a scale mail.
The jelly quivers.
Casting: Beastly Appendage (safe; 6% risk of failure)
Confirm with . or Enter, or press ? or * to list all spells.
Your horns disappear.
Your talons disappear.
Your +1 pair of boots unmelds from your body.
You turn into a venomous arachnid creature.
Your +1 pair of boots melds into your body.
A jelly is nearby!
You bite the jelly! The acid corrodes you!
Your front legs burn!
The jelly is heavily wounded.
The jelly hits you. The acid corrodes you!
You are splashed with acid!
You hit the jelly but do no damage.
Your front legs burn!
The jelly is heavily wounded.
The jelly hits you.
You are splashed with acid!
You hit the jelly but do no damage.
Your front legs burn!
* * * LOW HITPOINT WARNING * * *
The jelly is heavily wounded.
The jelly hits you.
* * * LOW HITPOINT WARNING * * *
You are splashed with acid!
You die...

. .. ...## #
#..######.###
...#....$......
#.....Js.##.#
......[.....#
########.####
#)# #.# #####.#
#.....#
#.#########
#.#........


You could see a jelly.

Vanquished Creatures
  Sigmund (D:4)
  2 orc wizards (D:3)
  Robin (D:3)
  3 worms (D:2)
  3 dart slugs (D:3)
  6 orcs (D:3)
  7 bats
  2 endoplasms
  5 giant cockroaches
  13 goblins
  5 hobgoblins
  2 jackals (D:1)
  A quokka (D:1)
  4 ball pythons
  3 frilled lizards (D:1)
  6 kobolds
  5 rats
69 creatures vanquished.

Notes
Turn   | Place    | Note
-------+----------+-------------------------------------------
     0 | D:1      | Zeld the Draconian Transmuter began the quest for the Orb.
     0 | D:1      | Reached XP level 1. HP: 16/16 MP: 3/3
   230 | D:1      | Found a faded altar of an unknown god.
   470 | D:1      | Reached XP level 2. HP: 18/23 MP: 5/5
   473 | D:1      | Learned a level 2 spell: Wereblood
  1088 | D:2      | Found an iron altar of Okawaru.
  1244 | D:2      | Reached XP level 3. HP: 28/28 MP: 4/6
  1248 | D:2      | Learned a level 3 spell: Spider Form
  2366 | D:3      | Found Coamato's Book Shop.
  2398 | D:3      | Reached skill level 1 in Ice Magic
  2398 | D:3      | Reached skill level 1 in Poison Magic
  2398 | D:3      | Reached XP level 4. HP: 20/36 MP: 3/7
  2875 | D:3      | Noticed Robin
  2906 | D:3      | Killed Robin
  2907 | D:3      | Reached XP level 5. HP: 20/41 MP: 6/9
  3264 | D:4      | Noticed Sigmund
  3274 | D:4      | Killed Sigmund
  3275 | D:4      | Reached skill level 4 in Unarmed Combat
  3275 | D:4      | Reached XP level 6. HP: 48/48 MP: 4/10
  3361 | D:4      | Splashed by a jelly's acid

Illustrated notes

Levels and vault maps discovered:
D:1:      enne_arrival_octagon_isle, layout_basic,
          shapermc_ecumenical_altar_ellora
D:2:      layout_rooms, basic_altar, nrook_mini_vaults
D:3:      layout_basic, serial_shops, nicolae_shop_hallway_plus, uniq_robin
D:4:      layout_loops_ring, minmay_temple_entry_sparse_star,
          minmay_fractal_squares_gapless_5, uniq_menkaure, uniq_sigmund

Skill      XL: |  1  2  3  4  5 |
---------------+----------------+-----
Dodging        | 2 |  2.3
Ice Magic      | 1 |  1.7
Poison Magic   | 1 |  1.6
Fighting       | 2 |  2.2
Unarmed Combat | 4 |  4.1
Spellcasting   | 3 |  3.1
Transmutations | 3 |  3.3

Action                   |  1- 3 |  4- 6 || total
-------------------------+-------+-------++-------
Melee: Unarmed           |   111 |    66 ||   177
       Headbutt          |    16 |     3 ||    19
       Tailslap          |    19 |     4 ||    23
       Kick              |    17 |     6 ||    23
       Punch             |     4 |       ||     4
 Cast: Beastly Appendage |    29 |    11 ||    40
       Spider Form       |     1 |     4 ||     5
Armor: Skin              |    45 |    11 ||    56
Dodge: Dodged            |   116 |    48 ||   164
